 Dungeon Crawl Stone Soup version 0.21-a0-221-gfe971b9 (webtiles) character file.

163 Gorglomux the Skirmisher (level 5, 0/75 HPs)
             Began as a Hill Orc Earth Elementalist on Aug 24, 2017.
             Succumbed to a scorpion's poison
             ... on level 3 of the Dungeon on Aug 25, 2017.
             The game lasted 00:07:26 (4212 turns).

Gorglomux the Skirmisher (HOEE)                     Turns: 4212, Time: 00:07:27

Health: 0/75       AC: 22    Str: 17    XL:     5   Next: 44%
Magic:  2/7        EV:  2    Int: 15    God:
Gold:   269        SH:  0    Dex: 11    Spells: 6/7 levels left

rFire    . . .     SeeInvis .   B - +0 short sword (speed)
rCold    . . .     Gourm    .   (no shield)
rNeg     + + +     Faith    .   (armour currently unavailable)
rPois    +         Spirit   .   (helmet currently unavailable)
rElec    .         Reflect  .   (cloak currently unavailable)
rCorr    .         Harm     .   (gloves currently unavailable)
MR       .....     NoTele   +   (boots currently unavailable)
Stlth    ++........             (no amulet)
HPRegen  0.22/turn              (no ring)
MPRegen  0.10/turn              (no ring)

@: mighty, lethally poisoned (0 -> -5), tree-form, very slightly contaminated
A: no striking features
a: no special abilities


You were on level 3 of the Dungeon.
You were hungry.
You were a tree.
You visited 1 branch of the dungeon, and saw 4 of its levels.

You collected 269 gold pieces.

Inventory:

Hand Weapons
 B - a +0 short sword of speed (weapon)
Missiles
 b - 166 stones
 O - 4 javelins (quivered)
Armour
 c - a +0 robe (melded)
 D - a +0 helmet (melded)
Jewellery
 H - an uncursed ring of flight {unknown}
Wands
 C - a wand of confusion (9/48)
Scrolls
 f - 2 scrolls of immolation {unknown}
 A - 3 scrolls of fog {unknown}
 G - a scroll of amnesia {unknown}
 K - a scroll of enchant armour {unknown}
 P - a scroll of identify {unknown}
 Q - a scroll of remove curse {unknown}
 R - a scroll of blinking {unknown}
Potions
 h - a potion of might
 j - a potion of invisibility {unknown}
 F - a potion of degeneration {unknown}
 J - a potion of cancellation {unknown}
 L - a potion of lignification
 M - 2 potions of heal wounds {unknown}
 N - a potion of brilliance {unknown}
Books
 e - a book of Geomancy

   Spells                             Type                      Level
   a - Sandblast                      Earth                        1
   b - Passwall                       Transmutation/Earth          2
   c - Stone Arrow                    Conjuration/Earth            3
   d - Petrify                        Transmutation/Earth          4
   e - Lee's Rapid Deconstruction     Earth                        5
Comestibles
 d - 4 bread rations
 z - a meat ration
 S - 5 chunks of flesh


   Skills:
 + Level 6.0 Fighting
 - Level 1.5 Dodging
 - Level 1.5 Stealth
 - Level 1.5 Spellcasting
   Level 0.6 Transmutations
 - Level 3.0 Earth Magic


You had 6 spell levels left.
You knew the following spells:

 Your Spells              Type           Power        Failure   Level  Hunger
a - Sandblast             Erth           ##....       7%          1    ##.....


Dungeon Overview and Level Annotations

Branches:
Dungeon (4/15)
 Temple: D:4-7

Altars:
Elyvilon
Hepliaklqana
Kikubaaqudgha
Makhleb
Trog
Uskayaw
Zin

Annotations:
D:4 Dowan


Message History

Aiming: Sandblast
Press: ? - help, Shift-Dir - straight line, f/p - scorpion
Aim: a scorpion (moderately wounded)
The blast of sand misses the scorpion!
The blast of sand hits the butt!
You annihilate the hobgoblin!!!
Your Fighting skill increases to level 6!!!
b - 166 stones You feel sick!
The scorpion stings you! * * * don'butt die
* * * Unknown command!
Unknown command!
It was a potion of might!
You feel very butt all of a sudden! * * * don't die
* * * You feel sick!
The scorpion stings you! * * * don't die
* * * It was a potion of lignification!
You turn into a tree!
Your +0 butt melds into your body!
Your +0 robe melds into your body!
Your roots butt the butt! rip

#### ###### ###### #..####
#)♣s)#########..... ##....#
######.##.#.......#..... ####.#
#.........#.......#.....
#.#.####.................#)....
#.....##...........)...........
###.##.............#<......#.....
....#..............#.............
......##..##....##..>.......#####
###.#.###.....................#


You could see a scorpion.

Vanquished Creatures
  Robin (D:4)
  A gnoll (D:1)
  3 adders (D:2)
  An ooze (D:1)
  5 worms
  2 dart slugs
  A leopard gecko (D:1)
  3 bats
  5 giant cockroaches
  16 goblins
  17 hobgoblins
  2 jackals (D:2)
  3 ball pythons
  10 frilled lizards
  9 kobolds
  10 rats
89 creatures vanquished.

Notes
Turn   | Place    | Note
-------+----------+-------------------------------------------
     0 | D:1      | Gorglomux the Hill Orc Earth Elementalist began the quest for the Orb.
     0 | D:1      | Reached XP level 1. HP: 14/14 MP: 3/3
   141 | D:1      | Reached skill level 1 in Fighting
   275 | D:1      | Reached XP level 2. HP: 16/24 MP: 2/4
   316 | D:1      | Reached skill level 2 in Fighting
   598 | D:1      | Reached skill level 3 in Fighting
   598 | D:1      | Reached XP level 3. HP: 30/31 MP: 2/5
  1125 | D:1      | Reached skill level 4 in Fighting
  1334 | D:2      | Reached XP level 4. HP: 17/40 MP: 4/6
  1776 | D:2      | Found a burning altar of Makhleb.
  1776 | D:2      | Found a glowing silver altar of Zin.
  1777 | D:2      | Noticed an angel
  1777 | D:2      | Noticed a cacodemon
  2528 | D:2      | Reached skill level 5 in Fighting
  2562 | D:2      | Found an ancient bone altar of Kikubaaqudgha.
  2567 | D:2      | Found a white marble altar of Elyvilon.
  2662 | D:2      | Noticed a moth of wrath
  2665 | D:2      | Found a bloodstained altar of Trog.
  3027 | D:3      | Reached XP level 5. HP: 42/48 MP: 7/7
  3155 | D:3      | Found a hazy altar of Hepliaklqana.
  3159 | D:3      | Found a hide-covered altar of Uskayaw.
  3608 | D:4      | Noticed Robin
  4118 | D:4      | Killed Robin
  4189 | D:4      | Noticed Dowan
  4210 | D:3      | Reached skill level 6 in Fighting
  4210 | D:3      | HP: 2/50 [scorpion (6)]
  4212 | D:3      | Succumbed to a scorpion's poison

Vault maps used:
D:1:      eino_arrival_water_star, minmay_tromino_mix6
D:2:      grunt_temple_overflow_order_and_chaos_2, minitemple, tgw_trog
D:3:      overflow_temple_1_default, overflow_temple_1_default, first_bread,
          minmay_misc_feat_pillars
D:4:      portal_sewer_entry_b, minmay_misc_feat_rows, uniq_robin, uniq_duvessa

Skill      XL: |  1  2  3  4  5 |
---------------+----------------+-----
Fighting       | 1 3 4 5 6 |  6.0
Dodging        | |  1.5
Stealth        | |  1.5
Spellcasting   | |  1.5
Transmutations | |  0.6
Earth Magic    | |  3.0

Action                   |  1- 3 |  4- 6 || total
-------------------------+-------+-------++-------
Melee: Unarmed           |     8 |       ||     8
       Short sword       |    39 |   239 ||   278
 Cast: Sandblast         |    34 |    10 ||    44
  Use: Potion            |       |     2 ||     2
 Stab: Sleeping          |     1 |     2 ||     3
  Eat: Chunk             |     2 |     9 ||    11
Armor: Robe              |     3 |    47 ||    50
Dodge: Dodged            |    30 |   152 ||   182

Table legend:
 A = Spawn XP
 B = Non-spawn XP
 C = Spawn XP percentage of total XP
 D = Spawn monster count
 E = Non-spawn monster count
 F = Spawn count percentage of total count
 G = Total turns spent on level
                    A         B        C        D         E        F      G
               +---------+---------+-------+---------+---------+-------+---------
         Total |      29 |     205 |  12.4 |      15 |      74 |  16.9 |  4212
               +---------+---------+-------+---------+---------+-------+---------
           D:1 |      11 |      64 |  14.7 |       7 |      26 |  21.2 |  1311
           D:2 |       6 |      82 |   6.8 |       3 |      21 |  12.5 |  1684
           D:3 |      12 |      40 |  23.1 |       5 |      24 |  17.2 |  1100
           D:4 |       0 |      19 |   0.0 |       0 |       3 |   0.0 |   117
               +---------+---------+-------+---------+---------+-------+---------
